Map: [ESL] Data-C

Players

Rattata - Winner!

  • Race: Zerg Zerg
  • Spawn Location: 9:00

HateMe

  • Race: Zerg Zerg
  • Spawn Location: 3:00

Event: DreamHack SC2 Masters 2022 Atlanta (Online)

VOD

Have the link to the VOD?

Description

Time

  • Played on: Oct. 8, 2022, 1:04 p.m.
  • Length: 10:52

All games in this series

Show
View Real Time Build Order
Export as new Build Order

Rattata Zerg - Winner!

Build Orders: Hatch First 

Get SALT Encoding   

  12  0:00  Drone  
  13  0:11  Overlord  
  13  0:16  Drone  
  14  0:30  Drone x2  
  16  0:47  Hatchery  
  15  0:50  Drone  
  15  0:54  Drone  
  17  0:57  Drone  
  18  1:09  Extractor  
  17  1:13  Spawning Pool  
  17  1:16  Drone  
  17  1:20  Drone  
  18  1:28  Drone  
  19  1:38  Drone  
  20  1:48  Drone  
  21  1:59  Queen x2  
  21  2:00  Zergling x4  
  27  2:09  Overlord  
  27  2:11  Zergling x2  
  27  2:15  Metabolic Boost  
  28  2:28  Zergling x4  
  30  2:34  Drone x2  
  31  2:40  Baneling Nest  
  30  2:48  Drone  
  30  2:49  Drone  
  30  3:00  Drone  
  30  3:01  Drone  
  32  3:06  Drone  
  32  3:10  Hatchery  
  32  3:13  Drone  
  32  3:15  Overlord  
  33  3:20  Zergling x4  
  33  3:23  Zergling x2  
  36  3:28  Overlord  
  36  3:36  Zergling x6, Baneling x2  
  36  3:37  Zergling x2  
  40  3:41  Drone  
  40  3:47  Drone x2, Evolution Chamber  
  42  3:51  Drone x2  
  42  3:54  Zergling x2  
  45  3:56  Drone  
  45  4:05  Zergling x4  
  45  4:09  Drone  
  47  4:14  Baneling  
  47  4:16  Extractor  
  45  4:18  Zerg Ground Armor Level 1, Extractor  
  45  4:21  Baneling  
  44  4:24  Zergling x4  
  44  4:27  Drone x2  
  44  4:31  Roach Warren  
  47  4:33  Baneling  
  47  4:34  Overlord  
  47  4:35  Drone  
  48  4:41  Drone x2  
  50  4:49  Drone x4  
  54  4:53  Overlord  
  54  4:55  Drone x2  
  55  5:06  Drone x3  
  58  5:07  Overlord  
  58  5:12  Roach x2  
  62  5:14  Roach  
  62  5:21  Overlord  
  64  5:22  Roach x2  
  68  5:28  Roach  
  68  5:29  Roach  
  68  5:33  Roach  
  68  5:34  Roach  
  76  5:41  Roach x2  
  76  5:42  Roach  
  81  5:45  Roach x2  
  85  5:50  Overlord  
  85  5:52  Roach  
  85  5:54  Roach  
  89  6:01  Overlord  
  89  6:03  Baneling x9  
  89  6:04  Baneling  
  89  6:10  Zergling x8  
  93  6:12  Zergling x4  
  95  6:22  Zergling x10  
  96  6:28  Zergling x8  
  96  6:32  Zergling x4  
  89  6:36  Zerg Missile Weapons Level 1  
  89  6:37  Lair  
  83  6:42  Zergling x6  
  79  6:47  Drone x2  
  79  6:52  Queen  
  77  6:56  Drone x2  
  77  6:59  Drone x2  
  81  7:03  Extractor  
  81  7:04  Extractor  
  81  7:07  Drone x6  
  85  7:08  Drone  
  86  7:20  Roach x3  
  92  7:28  Overlord  
  92  7:29  Roach x2  
  95  7:35  Overlord  
  95  7:36  Roach x5  
  105  7:37  Glial Reconstitution  
  105  7:42  Roach x2  
  104  7:46  Roach  
  104  7:49  Overseer  
  104  7:56  Roach x5  
  114  8:00  Ravager x2  
  114  8:01  Ravager  
  114  8:02  Overlord  
  117  8:06  Roach x2  
  121  8:14  Overlord  
  121  8:22  Roach x4  
  121  8:25  Overlord  
  129  8:37  Overlord  
  129  8:42  Roach x4  
  129  8:45  Ravager x2  
  139  8:49  Roach x3  
  139  8:52  Hatchery  
  144  8:55  Overlord  
  144  8:59  Roach x3  
  150  9:03  Ravager, Overlord  
  151  9:10  Overlord  
  151  9:13  Overlord  
  151  9:14  Roach  
  151  9:15  Roach x2  
  157  9:23  Roach x4  
  165  9:27  Tunneling Claws  
  165  9:28  Burrow  
  160  9:41  Roach x6  
  160  9:45  Roach x2  
  159  9:49  Roach x2  
  159  9:53  Roach  
  159  9:54  Roach  
  159  10:02  Ravager  
  159  10:03  Ravager  
  159  10:04  Ravager  
  159  10:05  Roach x5  
  172  10:09  Roach x2  
  172  10:19  Roach x5  
  170  10:23  Ravager  
  170  10:26  Roach  
  171  10:32  Roach x4  
Show
View Real Time Build Order
Export as new Build Order

HateMe Zerg 

Build Orders: Pool First 

Get SALT Encoding   

  12  0:00  Drone  
  13  0:13  Overlord  
  13  0:17  Drone  
  14  0:31  Drone x2  
  16  0:42  Spawning Pool  
  15  0:45  Drone  
  15  0:49  Drone  
  17  1:09  Hatchery  
  16  1:12  Drone  
  17  1:26  Extractor  
  17  1:28  Zergling x2  
  17  1:29  Zergling x4  
  19  1:33  Queen  
  21  1:41  Overlord  
  21  1:50  Drone  
  22  2:02  Drone  
  23  2:09  Queen  
  23  2:11  Drone  
  26  2:23  Drone x2  
  26  2:26  Metabolic Boost  
  28  2:36  Queen  
  30  2:37  Overlord  
  30  2:39  Drone  
  30  2:43  Drone  
  31  2:44  Drone  
  30  3:03  Baneling Nest  
  29  3:08  Hatchery  
  29  3:12  Drone x2  
  30  3:18  Drone x2  
  32  3:23  Drone  
  32  3:24  Drone  
  34  3:29  Zergling x4  
  34  3:32  Zergling x2  
  37  3:36  Zergling x2  
  37  3:38  Zergling x2  
  39  3:42  Zergling x4  
  39  3:44  Zergling x2  
  39  3:48  Baneling x2  
  42  3:52  Zergling x4  
  43  4:05  Queen, Overlord  
  43  4:09  Overlord  
  43  4:12  Baneling  
  43  4:17  Evolution Chamber  
  43  4:18  Overlord  
  43  4:19  Drone  
  43  4:20  Drone x3  
  43  4:23  Drone  
  47  4:26  Drone  
  47  4:27  Drone  
  47  4:30  Drone  
  47  4:31  Drone  
  51  4:34  Drone  
  51  4:39  Drone, Overlord  
  51  4:44  Zerg Missile Weapons Level 1  
  52  4:46  Drone x2  
  52  4:48  Drone  
  52  4:50  Drone  
  52  4:51  Drone  
  57  4:58  Drone  
  57  4:59  Roach Warren  
  57  5:01  Drone x2  
  57  5:03  Extractor  
  57  5:06  Drone x3  
  61  5:12  Overlord  
  61  5:14  Drone  
  61  5:16  Drone  
  61  5:18  Drone  
  63  5:22  Drone x3  
  66  5:32  Overlord x2  
  66  5:39  Drone x9  
  74  5:43  Spine Crawler  
  74  5:44  Roach  
  74  5:45  Roach  
  74  5:49  Roach x2, Extractor  
  80  5:53  Roach, Spine Crawler  
  80  5:56  Roach  
  84  5:57  Roach  
  84  6:02  Roach x3  
  90  6:05  Roach  
  90  6:06  Roach  
  90  6:09  Roach, Overlord  
  90  6:10  Spine Crawler  
  95  6:12  Roach  
  96  6:22  Roach x2  
  93  6:26  Roach x2  
  93  6:27  Zergling x6  
  93  6:30  Roach  
  97  6:32  Queen  
  97  6:33  Queen x2  
  97  6:34  Roach  
  97  6:36  Roach  
  97  6:39  Zergling x6  
  97  6:41  Roach  
  97  6:46  Roach  
  89  6:51  Roach  
  89  6:54  Roach  
  89  7:01  Drone x5  
  94  7:09  Lair  
  94  7:12  Overlord  
  98  7:22  Drone x6  
  98  7:25  Extractor  
  98  7:28  Extractor  
  95  7:34  Drone x3  
  98  7:40  Hatchery  
  96  7:47  Roach x6  
  96  7:50  Drone x2  
  109  7:58  Overlord x2  
  109  8:06  Glial Reconstitution, Zerg Missile Weapons Level 2  
  109  8:08  Drone x4  
  109  8:11  Hatchery  
  113  8:28  Drone x4  
  113  8:29  Extractor  
  113  8:33  Roach x6  
  128  8:38  Overlord  
  128  8:39  Overlord  
  128  8:40  Overseer  
  128  8:41  Hatchery  
  128  8:42  Roach  
  129  8:49  Roach x4  
  137  9:00  Roach x5  
  137  9:01  Roach  
  149  9:03  Pneumatized Carapace  
  149  9:04  Overlord  
  149  9:08  Overlord  
  149  9:10  Overlord  
  149  9:17  Overlord  
  149  9:24  Overlord x2  
  149  9:30  Roach x2  
  153  9:31  Overlord x2  
  153  9:35  Roach  
  153  9:36  Roach x4  
  159  9:41  Roach x2  
  159  9:44  Roach  
  142  9:47  Roach  
  142  9:51  Roach x4  
  148  9:54  Roach x4  
  148  9:55  Roach  
  148  9:57  Roach x2  
  148  9:58  Roach  
  157  10:02  Roach x2  
  159  10:07  Ravager x4  
  159  10:08  Roach x3  
  153  10:15  Roach x3  
  153  10:16  Roach  
  143  10:23  Roach  
  143  10:25  Roach  
  143  10:27  Roach  
  143  10:32  Roach  
Tags
 
Add a new tag
Caveats
  • Supply blocks, unpowered buildings, or Contaminate may cause inaccurate times.
  • Supply counts are checked every 10 seconds.